 Dungeon Crawl Stone Soup version 0.28-a0-1629-gf728b707aa (webtiles) character file.

Game seed: 15610445549430737749

1118 porpoise the Skirmisher (level 8, -3/65 HPs)
             Began as a Demonspawn Transmuter on Jan 25, 2022.
             Was an Initiate of Ashenzari.
             Slain by fragbeetle's ghost (15 damage)
             ... on level 5 of the Dungeon.
             The game lasted 00:22:07 (6423 turns).

porpoise the Skirmisher (Demonspawn Transmuter)     Turns: 6423, Time: 00:22:08

Health: -3/65      AC:  5    Str: 13    XL:     8   Next: 12%
Magic:  11/11      EV: 12    Int: 15    God:    Ashenzari [......]
Gold:   292        SH:  0    Dex: 13    Spells: 8/11 levels left

rFire   . . .      SeeInvis .     - Unarmed
rCold   . . .      Faith    .   (no shield)
rNeg    + . .      Spirit   .   l - +1 robe {rN+}
rPois   .          Reflect  .   (helmet currently unavailable)
rElec   .          Harm     .   i - +0 cloak
rCorr   +          Rampage  .   B - +0 pair of gloves
Will    .....                   (boots currently unavailable)
Stlth   ++........              (no amulet)
HPRegen 0.20/turn               v - ring of resist corrosion
MPRegen 0.12/turn               (no ring)

@: appendages (expiring)
A: horns 2, talons 2, hooves 1, spiny 2, demonic magic 1
a: End Transformation, Renounce Religion, Curse Item, Shatter the Chains


You were on level 5 of the Dungeon.
You worshipped Ashenzari.
Ashenzari was noncommittal.
You had temporarily grown beastly horns and talons.
You visited 2 branches of the dungeon, and saw 6 of its levels.

You collected 292 gold pieces.

Inventory:

Hand Weapons
 b - a +2 hand crossbow of freezing
 u - a +0 hunting sling
 w - a +0 dagger of electrocution
Missiles
 c - 206 stones
 e - 51 arrows
 h - 2 throwing nets
 o - 48 bolts
 p - 8 poisoned darts
 t - 25 sling bullets
Armour
 i - a +0 cloak (worn)
 l - a +1 robe of positive energy (worn)
 m - the cursed +0 helmet "Eternal Egalitarianism" (melded) {Melee, Range}
   (You took it off Robin on level 3 of the Dungeon)

   It has a curse which improves the following skills: Melee Combat: Short
   Blades, Long Blades, Axes, Maces & Flails, Polearms, Staves and Unarmed
   Combat.
   Ranged Combat: Slings, Bows, Crossbows and Throwing.
 B - a +0 pair of gloves (worn)
Magical Staves
 f - a staff of earth
Jewellery
 v - a ring of resist corrosion (left hand)
Wands
 y - a wand of digging (5)
 z - a wand of iceblast (9)
Scrolls
 d - 3 scrolls of teleportation {unknown}
 g - a scroll of blinking {unknown}
 j - 4 scrolls of identify
 k - a scroll of enchant weapon {unknown}
 n - a scroll of noise {unknown}
 q - a scroll of fog {unknown}
 r - 3 scrolls of fear
 s - a scroll of immolation {unknown}
Potions
 a - a potion of lignification
 x - a potion of attraction {unknown}
 A - a potion of ambrosia {unknown}


   Skills:
 * Level 6.6 Fighting
 - Level 1.7 Dodging
 + Level 1.9 Stealth
 - Level 6.6 Unarmed Combat
 - Level 2.0 Spellcasting
 - Level 1.7 Transmutations


You had 8 spell levels left.
You knew the following spells:

 Your Spells              Type           Power      Damage    Failure   Level
a - Beastly Appendage     Tmut           12%        N/A       11%         1
b - Wereblood             Tmut           6%         N/A       16%         2

Your spell library contained the following spells:

 Spells                   Type           Power      Damage    Failure   Level
 Sandblast                Erth           2%         2d4       22%         1
 Passwall                 Tmut/Erth      3%         N/A       24%         2
 Spider Form              Tmut/Pois      4%         N/A       43%         3
 Stone Arrow              Conj/Erth      2%         3d7       54%         3
 Ice Form                 Ice/Tmut       4%         N/A       83%         4


Dungeon Overview and Level Annotations

Branches:
Dungeon (5/15)             Temple (1/1) D:4

Altars:
Ashenzari
Cheibriados
Dithmenos
Fedhas
Gozag
Hepliaklqana
Okawaru
Qazlal
Ru
Trog
Uskayaw
Wu Jian
Xom
Zin
The Shining One
Lugonu

Shops:
D:1 :   D:2 [

Portals:
Abyss: D:3

Annotations:
D:5 fragbeetle's ghost, novice MfIE


Innate Abilities, Weirdness & Mutations

You have temporarily grown beastly horns and talons.
You have large cloven feet.
You are mostly covered in sharp spines.
Spells you cast may paralyse adjacent enemies.


Message History

Fragbeetle's ghost is lightly damaged.
Fragbeetle's ghost is struck by your spines.
Fragbeetle's ghost hits you but does no damage.
You closely miss fragbeetle's ghost. Your kick misses fragbeetle's ghost.
Fragbeetle's ghost is moderately damaged.
Fragbeetle's ghost freezes you.
You are frozen!
You hit fragbeetle's ghost but do no damage.
You claw fragbeetle's ghost.
Your headbutt misses fragbeetle's ghost.
Fragbeetle's ghost is moderately damaged.
Your transformation is almost over.
Fragbeetle's ghost closely misses you.
You closely miss fragbeetle's ghost.
Fragbeetle's ghost is moderately damaged.
Fragbeetle's ghost hits you.
You barely miss fragbeetle's ghost. You claw fragbeetle's ghost.
Fragbeetle's ghost is moderately damaged.
You barely miss fragbeetle's ghost.
You headbutt fragbeetle's ghost, but do no damage.
Fragbeetle's ghost is moderately damaged.
Fragbeetle's ghost is struck by your spines.
Fragbeetle's ghost hits you!
You completely miss fragbeetle's ghost.
You claw fragbeetle's ghost, but do no damage.
Your headbutt misses fragbeetle's ghost.
Fragbeetle's ghost is moderately damaged.
Fragbeetle's ghost hits you!
* * * LOW HITPOINT WARNING * * *
You closely miss fragbeetle's ghost.
Your headbutt misses fragbeetle's ghost.
Fragbeetle's ghost is moderately damaged.
Fragbeetle's ghost is struck by your spines.
Fragbeetle's ghost hits you.
* * * LOW HITPOINT WARNING * * *
You barely miss fragbeetle's ghost.
You claw fragbeetle's ghost, but do no damage.
Fragbeetle's ghost is heavily damaged.
Fragbeetle's ghost hits you!
You die...

.......# #..........#
#...)... .......#
#..######### #.......
..^....# ######.#≈###
#....... .......#
#.#..$.≈## #.######
.......# #.≈≈.≈#.#
###'###### .......#
##..#.8≈≈# #.........
..######
#......≈####......... ..#
###W'####.#......... [.#
#..@......#......... ..#
######...................
..#
#.............#..........
..#
#.............#..........
..#
#.............##.........
###
#..........#####.........
#..........# #.........
#..........# #.........
#..........# #.........


You could see fragbeetle's ghost.

Vanquished Creatures
  A water moccasin (D:4)
  A sky beast (D:5)
  A necrophage (D:5)
  A phantom (D:5)
  2 scorpions
  A wyvern skeleton (D:3)
  A jelly (D:5)
  A centaur zombie (D:5)
  2 bullfrog zombies (D:5)
  5 hounds
  An orc wizard (D:2)
  An iguana (D:5)
  A hound zombie (D:5)
  Robin (D:3)
  4 gnolls (D:3)
  4 adders
  2 ufetubi (D:4)
  An adder skeleton (D:4)
  20 orcs
  7 endoplasms
  4 giant cockroaches
  18 goblins
  15 hobgoblins
  7 jackals
  11 kobolds
  4 quokkas
  6 ball pythons
  7 bats
  4 frilled lizards
  A jackal skeleton (D:4)
  9 rats
144 creatures vanquished.

Vanquished Creatures (others)
  10 plants (D:1)
10 creatures vanquished.

Grand Total: 154 creatures vanquished

Notes
Turn   | Place    | Note
-------+----------+-------------------------------------------
     0 | D:1      | porpoise the Demonspawn Transmuter began the quest for the
                  | Orb.
     0 | D:1      | Reached XP level 1. HP: 15/15 MP: 3/3
   450 | D:1      | Gained mutation: Spells you cast may paralyse adjacent
                  | enemies. [demonic ancestry]
   450 | D:1      | Reached XP level 2. HP: 21/21 MP: 1/5
   898 | D:1      | Found Xaxzy's Book Shoppe.
   947 | D:1      | Learned a level 2 spell: Wereblood
  1231 | D:1      | Gained mutation: You are partially covered in sharp spines.
                  | [demonic ancestry]
  1231 | D:1      | Reached XP level 3. HP: 27/27 MP: 4/6
  1687 | D:2      | Found a faded altar of an unknown god.
  1910 | D:2      | Reached XP level 4. HP: 15/35 MP: 7/7
  2164 | D:2      | Found Luoreok's Armour Emporium.
  2404 | D:3      | Found a one-way gate to the infinite horrors of the Abyss.
  2561 | D:3      | Found a bloodstained altar of Trog.
  2579 | D:3      | Lost mutation: You have razor-sharp toenails. [demonic
                  | ancestry]
  2579 | D:3      | Lost mutation: You have sharp toenails. [demonic ancestry]
  2579 | D:3      | Gained mutation: You have large cloven feet. [demonic
                  | ancestry]
  2579 | D:3      | Reached XP level 5. HP: 36/41 MP: 6/8
  2655 | D:3      | Noticed Robin
  2672 | D:3      | Killed Robin
  2705 | D:3      | HP: 1/42 [orc (3)]
  2713 | D:3      | HP: 1/42 [hobgoblin[Robin] (1)]
  3314 | D:3      | Found a large runed translucent door.
  3316 | D:3      | Found a large runed translucent door.
  3318 | D:3      | Found a corrupted altar of Lugonu.
  3447 | D:3      | Found a shadowy altar of Dithmenos.
  3724 | D:4      | Reached XP level 6. HP: 46/48 MP: 9/9
  3943 | D:4      | Reached skill level 5 in Unarmed Combat
  4100 | D:4      | Found a staircase to the Ecumenical Temple.
  4109 | Temple   | Entered the Ecumenical Temple
  4314 | Temple   | Became a worshipper of Ashenzari the Shackled
  4453 | D:4      | Noticed a water moccasin
  4460 | D:4      | Killed a water moccasin
  4461 | D:4      | Reached skill level 5 in Fighting
  4473 | D:4      | HP: 2/51 [poisoned by a water moccasin]
  4827 | D:4      | Reached XP level 7. HP: 56/56 MP: 10/10
  5043 | D:4      | Found a stormy altar of Qazlal.
  5389 | D:5      | Entered Level 5 of the Dungeon
  5565 | D:5      | Identified the cursed +0 helmet "Eternal Egalitarianism"
                  | {Melee, Range} (You took it off Robin on level 3 of the
                  | Dungeon)
  5616 | D:5      | Reached skill level 1 in Stealth
  5930 | D:5      | Found a large runed translucent door.
  5931 | D:5      | Found a large runed translucent door.
  5934 | D:5      | Noticed fragbeetle's ghost (novice MfIE)
  5962 | D:5      | Gained mutation: You are mostly covered in sharp spines.
                  | [demonic ancestry]
  5962 | D:5      | Reached XP level 8. HP: 65/65 MP: 11/11
  6423 | D:5      | Slain by fragbeetle's ghost

Illustrated notes

Levels and vault maps discovered:
D:1:      ebering_trefoil_3fold, layout_basic, serial_forest,
          infiniplex_forest_zigzag_1, infiniplex_forest_lined_3,
          infiniplex_forest_clump_small, infiniplex_forest_clump_C,
          infiniplex_forest_clump_curved, infiniplex_forest_end_2,
          infiniplex_forest_end_1, infiniplex_forest_lined_3, serial_shops,
          shop, amcnicky_mini_corridor_feature
D:2:      layout_rooms, dreamdust_ecumenical_altar_sealed_demon, serial_shops,
          nicolae_shop_temple_entry_statues_fountains,
          nicolae_figureground_pulse
D:3:      due_chaos_kobolds, layout_rooms, grunt_dithmenos_smoke_and_mirrors,
          trog_three_pillars_becter, hangedman_decor_growths,
          guppyfry_early_orc_mine, uniq_robin
D:4:      layout_rooms, nicolae_tso_swordbearing_angel,
          nicolae_overflow_crystal_walls, minmay_temple_entry_arrows,
          minmay_quadrilaterals
D:5:      layout_basic, ebering_ghost_disaster_area
Temple:   minmay_temple_curvy_loop

Skill      XL: |  1  2  3  4  5  6  7 |
---------------+----------------------+-----
Unarmed Combat | 3 4 5 6 |  6.6
Fighting       | 2 3 4 5 6 |  6.6
Stealth        | 1 |  1.9
Dodging        | |  1.7
Spellcasting   | |  2.0
Transmutations | |  1.7

Action                   |  1- 3 |  4- 6 |  7- 9 || total
-------------------------+-------+-------+-------++-------
Melee: Unarmed           |    80 |    96 |    55 ||   231
       Headbutt          |     7 |     5 |     2 ||    14
       Kick              |    12 |    33 |    19 ||    64
       Punch             |     2 |     3 |     3 ||     8
 Fire: Hunting sling     |    36 |    80 |       ||   116
       Hand crossbow     |       |     7 |    37 ||    44
 Cast: Beastly Appendage |    24 |    11 |     6 ||    41
Invok: Curse Item        |       |       |     1 ||     1
  Use: Scroll            |       |     2 |       ||     2
       Potion            |       |     1 |       ||     1
 Stab: Paralysed         |     4 |     6 |     3 ||    13
       Sleeping          |       |       |     1 ||     1
Armor: Robe              |    11 |    24 |    16 ||    51
Dodge: Dodged            |    47 |    60 |    22 ||   129

Table legend: (Time is in decaauts)
 A = Elapsed time spent in this place.
 B = Non-inter-level travel time spent in this place.
 C = Inter-level travel time spent in this place.
 D = Time resting spent in this place.
 E = Time spent auto-exploring this place.
 F = Levels seen in this place.
 G = Mean time per level.
                   A        B        C        D        E       F      G
               +--------+--------+--------+--------+--------+-----+--------+
         Total |   6385 |   6234 |    151 |   2025 |   3038 |   6 | 1064.2 |
       Dungeon |   6156 |   6039 |    117 |   2025 |   2848 |   5 | 1231.2 |
        Temple |    228 |    194 |     34 |      0 |    190 |   1 |  228.0 |
               +--------+--------+--------+--------+--------+-----+--------+

Top non-repeatable levels by time:
     D:1: 1453 daAuts
     D:3: 1392 daAuts
     D:4: 1391 daAuts
     D:5: 1032 daAuts
     D:2: 886 daAuts
  Temple: 228 daAuts
